 Dungeon Crawl Stone Soup version 0.28.0-43-g3370ac3207 (webtiles) character file.

Game seed: 9878175183513399949

11400 pkoi the Zephyrmancer (level 11, -2/92 HPs)
             Began as a Demigod Air Elementalist on Apr 2, 2022.
             Slain by a fire bat (8 damage)
             ... in a Gauntlet.
             The game lasted 00:21:39 (15539 turns).

pkoi the Zephyrmancer (Demigod Air Elementalist)   Turns: 15539, Time: 00:21:40

Health: -2/92      AC:  4    Str: 11    XL:     11   Next: 25%
Magic:  23/27      EV: 15    Int: 29    God:
Gold:   648        SH:  0    Dex: 14    Spells: 10/26 levels left

rFire   . . .      SeeInvis .   y - +8 trident of the Octopus King {venom, rElec rPois}
rCold   . . .      Faith    .   (no shield)
rNeg    . . .      Spirit   .   a - +0 robe
rPois   +          Reflect  .   (no helmet)
rElec   +          Harm     .   A - +0 cloak
rCorr   .          Rampage  .   e - +0 pair of gloves
Will    +....      NoTele   +   (no boots)
Stlth   ++........              f - amulet of regeneration
HPRegen 1.05/turn               (no ring)
MPRegen 0.20/turn               (no ring)

@: no status effects
A: high MP 1, forlorn, divine attributes, strong 1
a: no special abilities


You were in a Gauntlet.
You visited 2 branches of the dungeon, and saw 11 of its levels.
You also visited: Sewer, Bailey and Gauntlet.

You collected 648 gold pieces.

Inventory:

Hand Weapons
 c - a +0 club
 i - a +0 whip
 k - a +2 vampiric short sword
 m - a +2 dagger of speed
 r - a +3 whip of draining
 y - the +8 trident of the Octopus King (weapon) {venom, rElec rPois}
   (You found it on level 9 of the Dungeon)

   It poisons the flesh of those it strikes.
   rElec:     It insulates you from electricity.
   rPois:     It protects you from poison.
Missiles
 l - 6 silver javelins
 n - 22 poisoned darts
 p - 4 throwing nets
Armour
 a - a +0 robe (worn)
 e - a +0 pair of gloves (worn)
 A - a +0 cloak (worn)
Jewellery
 f - an amulet of regeneration (around neck)
Wands
 s - a wand of charming (11)
 t - a wand of paralysis (11)
 v - a wand of iceblast (9)
Scrolls
 b - 3 scrolls of amnesia
 j - 2 scrolls of identify
 o - 2 scrolls of blinking
 w - a scroll of fear
 x - a scroll of fog
Potions
 d - 2 potions of magic
 g - a potion of resistance
 h - 2 potions of might
 q - a potion of berserk rage
 u - 3 potions of curing
 z - a potion of cancellation
 B - a potion of brilliance


   Skills:
 + Level 7.0 Fighting
 + Level 7.3 Dodging
 - Level 1.7 Stealth
 + Level 8.0 Spellcasting
 - Level 3.1 Conjurations
 - Level 11.0 Air Magic
 + Level 4.5 Poison Magic


You had 10 spell levels left.
You knew the following spells:

 Your Spells              Type           Power      Damage    Failure   Level
a - Shock                 Conj/Air       100%       1d9       1%          1
b - Static Discharge      Conj/Air       51%        N/A       1%          2
c - Swiftness             Air            66%        N/A       1%          3
d - Airstrike             Air            33%        N/A       1%          4
e - Poisonous Vapours     Pois/Air       100%       N/A       1%          2
f - Olgreb's Toxic Radia  Pois           37%        N/A       7%          4

Your spell library contained the following spells:

 Spells                   Type           Power      Damage    Failure   Level
 Sting                    Tmut/Pois      96%        1d7       1%          1
 Spider Form              Tmut/Pois      24%        N/A       5%          3
 Ensorcelled Hibernation  Hex/Ice        22%        N/A       7%          2
 Sticky Flame             Conj/Fire      20%        2d4       24%         4
 Anguish                  Hex/Necr       5%         N/A       41%         4
 Dispel Undead            Necr           11%        3d9       41%         4


Dungeon Overview and Level Annotations

Branches:
Dungeon (10/15)            Temple (0/1) D:5            Lair (1/6) D:9
    Orc (0/2) D:9           Sewer (visited)          Bailey (visited)
Gauntlet (1/1)

Shops:
D:2 (

Portals:
Trove: D:10 (give +4 ice dragon scales)

Annotations:
D:3 1 runed translucent door, Crazy Yiuf Gauntlet 6 transporters, exclusion: ice statue


Innate Abilities, Weirdness & Mutations

You have an increased reservoir of magic. (+10% MP)
You shall have no god before yourself.
Your divine heritage dramatically boosts your attributes as you level up.
Your muscles are strong. (Str +2)


Message History

* * * LOW HITPOINT WARNING * * *
You are engulfed in blazing flames.
* * * LOW HITPOINT WARNING * * *
The fire bat closely misses you.
The fire bat bites you but does no damage.
The fire bat barely misses you. The fire bat bites you.
* * * LOW HITPOINT WARNING * * *
You are engulfed in flames.
* * * LOW HITPOINT WARNING * * *
The fire bat bites you but does no damage.
The fire bat bites you.
* * * LOW HITPOINT WARNING * * *
You are engulfed in flames.
* * * LOW HITPOINT WARNING * * *
The fire bat closely misses you. The fire bat bites you.
* * * LOW HITPOINT WARNING * * *
You are engulfed in flames!
* * * LOW HITPOINT WARNING * * *
The fire bat closely misses you.
There is a transporter, spattered with blood here.
Unknown command.
Unknown command.
You enter the transporter and appear at another place.
The fire bat bites you but does no damage.
The fire bat bites you.
* * * LOW HITPOINT WARNING * * *
You are engulfed in flames!
* * * LOW HITPOINT WARNING * * *
Unknown command.
Aiming: Airstrike (mildly dangerous; 1% risk of failure)
Press: ? - help, Q - select action, (/) - cycle Dir - move target, f - fire bat
Aim: a fire bat (empty space bonus: 4/8)
The air twists around and strikes the fire bat!
The fire bat is severely wounded.
The hornet buzzes angrily.
The fire bat misses you. The fire bat bites you.
* * * LOW HITPOINT WARNING * * *
You are engulfed in flames!
You die...

#8#.....#.©.#....≈.............≈.
###...8.#...#...≈8≈...........≈8§
#.....#.©.#....≈.............≈.
###..###########...###########...
#8#..#.........#.8.#.##y##.###...
###..#.........#...#.#..##.###...
#..#..#...#..#####...#....y#...
###..#.........#.b.###.##©##.#...
#8#..#....©t..b#@.©###.##.##.#...
###..#.........#.b.##....#...#...
#..#..#...#b.######.#####.##...
###..#.........#...##.##.#####...
#8#..#....§?...#.8.#..)!©...y#...
###..###########...###########...
#..............................
#≈..........................≈∩≈
###############################


You could see a fire crab, a hornet and 4 fire bats.

Vanquished Creatures
  A two-headed ogre (D:9)
  An orc knight (D:7)
  Pikel (D:7)
  A manticore (D:9)
  Joseph (D:8)
  A smoke demon (Gauntlet)
  A black mamba (Lair:1)
  A rime drake (Gauntlet)
  2 trolls
  A hornet (D:9)
  Grinder (D:3)
  13 yaks
  A steam dragon (D:8)
  2 vampire mosquitoes (D:8)
  Menkaure (D:5)
  2 water moccasins
  An acid dragon (D:9)
  3 ice beasts
  2 sky beasts
  3 black bears
  3 orc warriors
  3 ogres
  A necrophage (D:3)
  3 centaurs
  3 phantoms
  3 kobold brigands
  4 bullfrogs
  4 scorpions
  2 water moccasin zombies
  2 howler monkeys
  4 crimson imps (Gauntlet)
  A bullfrog zombie (D:6)
  2 centaur zombies
  A hound (D:5)
  A gnoll shaman (D:5)
  A jelly (D:6)
  2 centaur skeletons
  An orc priest (D:7)
  Jessica (D:3)
  9 orc wizards
  5 iguanas
  A hound zombie (D:5)
  A howler monkey zombie (D:7)
  3 gnolls (D:5)
  9 adders
  A white imp (D:7)
  2 adder skeletons
  8 worms
  5 dart slugs
  20 orcs
  6 endoplasms
  3 giant cockroaches (D:1)
  6 goblins
  9 hobgoblins
  4 jackals
  A quokka (D:4)
  A ball python (Sewer)
  9 bats
  14 frilled lizards
  34 kobolds
  11 rats
  A spectral hobgoblin (D:2)
245 creatures vanquished.

Vanquished Creatures (others)
  A butterfly (D:8)
  27 fungi
  53 plants
81 creatures vanquished.

Grand Total: 326 creatures vanquished

Notes
Turn   | Place    | Note
-------+----------+-------------------------------------------
     0 | D:1      | pkoi the Demigod Air Elementalist began the quest for the
                  | Orb.
     0 | D:1      | Reached XP level 1. HP: 14/14 MP: 5/5
   117 | D:1      | Reached skill level 3 in Air Magic
   505 | D:1      | Reached XP level 2. HP: 20/20 MP: 7/7
   565 | D:1      | Learned a level 2 spell: Static Discharge
  1002 | D:2      | Reached skill level 4 in Air Magic
  1002 | D:2      | Reached XP level 3. HP: 26/26 MP: 2/8
  1716 | D:2      | Found Iceoc's Antique Weapon Shoppe.
  1867 | D:2      | Reached XP level 4. HP: 33/33 MP: 6/9
  2676 | D:3      | Noticed Grinder
  2678 | D:3      | Paralysed by Grinder for 6 turns
  2856 | D:3      | Learned a level 3 spell: Swiftness
  3315 | D:3      | Killed Grinder
  3316 | D:3      | Reached skill level 5 in Air Magic
  3316 | D:3      | Reached XP level 5. HP: 13/38 MP: 1/12
  3316 | D:3      | Reached XP level 6. HP: 16/45 MP: 1/13
  3539 | D:3      | Reached skill level 6 in Air Magic
  3788 | D:3      | Found a runed translucent door.
  3789 | D:3      | Noticed Crazy Yiuf
  3904 | D:3      | Noticed Jessica
  3914 | D:3      | Killed Jessica
  4087 | D:4      | Gained mutation: Your muscles are strong. (Str +2) [potion
                  | of mutation]
  4428 | D:4      | Reached XP level 7. HP: 50/50 MP: 9/15
  4577 | D:4      | Learned a level 4 spell: Airstrike
  4647 | D:4      | Reached skill level 7 in Air Magic
  5791 | D:5      | Entered Level 5 of the Dungeon
  5971 | D:5      | Found a staircase to the Ecumenical Temple.
  5987 | D:5      | Found a glowing drain.
  6009 | Sewer    | Entered a sewer
  6146 | Sewer    | Reached skill level 8 in Air Magic
  6165 | Sewer    | Reached skill level 5 in Fighting
  6165 | Sewer    | Reached skill level 5 in Dodging
  6165 | Sewer    | Reached skill level 9 in Air Magic
  6165 | Sewer    | Reached XP level 8. HP: 68/68 MP: 16/21
  6667 | D:5      | Noticed Menkaure
  6863 | D:5      | Killed Menkaure
  6864 | D:5      | Reached XP level 9. HP: 40/74 MP: 14/23
  6915 | D:4      | Learned a level 2 spell: Poisonous Vapours
  6920 | D:4      | Learned a level 4 spell: Olgreb's Toxic Radiance
  7231 | D:5      | Reached skill level 1 in Conjurations
  7646 | D:5      | Noticed a +0 hand axe
  7773 | D:5      | Noticed a +0 dagger
  8013 | D:5      | Reached skill level 10 in Air Magic
  8355 | D:6      | Reached skill level 1 in Poison Magic
  9658 | D:7      | Found a flagged portal.
  9725 | Bailey   | Entered a bailey
  9782 | Bailey   | Noticed an orc knight
 10085 | D:7      | HP: 1/74 [something/puff of flame (10)]
 10194 | D:7      | Noticed Pikel
 10209 | D:7      | Killed Pikel
 10533 | D:7      | Killed an orc knight
 10534 | D:7      | Reached XP level 10. HP: 75/83 MP: 1/24
 11807 | D:8      | Noticed Joseph
 11826 | D:8      | Killed Joseph
 13321 | D:9      | Noticed a manticore
 13445 | D:9      | Killed a manticore
 13769 | D:9      | Found a staircase to the Orcish Mines.
 13861 | D:9      | Reached skill level 11 in Air Magic
 14050 | D:9      | Found the +8 trident of the Octopus King {venom, rElec
                  | rPois}
 14277 | D:9      | Noticed a two-headed ogre
 14283 | D:9      | Killed a two-headed ogre
 14284 | D:9      | Reached XP level 11. HP: 91/91 MP: 6/26
 14455 | D:9      | Found a staircase to the Lair.
 14626 | D:10     | Entered Level 10 of the Dungeon
 14684 | D:10     | Found a portal to a secret trove of treasure.
 14738 | Lair:1   | Entered Level 1 of the Lair of Beasts
 14848 | Lair:1   | Found a gate leading to a gauntlet.
 14865 | Gauntlet | Entered a Gauntlet
 14865 | Gauntlet | Noticed a hell beast
 14865 | Gauntlet | Found a transporter.
 14865 | Gauntlet | Found a transporter.
 14865 | Gauntlet | Found a transporter.
 14946 | Gauntlet | Found a transporter.
 14951 | Gauntlet | Noticed a hell beast
 14956 | Gauntlet | Found a transporter.
 15022 | Gauntlet | Found a transporter.
 15032 | Gauntlet | Found a transporter.
 15047 | Gauntlet | Found a transporter.
 15050 | Gauntlet | Noticed a fire crab
 15057 | Gauntlet | Found a transporter.
 15072 | Gauntlet | Found a transporter.
 15078 | Gauntlet | Found a transporter.
 15099 | Gauntlet | Found a transporter.
 15539 | Gauntlet | Slain by a fire bat

Illustrated notes

Levels and vault maps discovered:
D:1:      sevenhm_arrival_forest_fort_small_3, layout_basic, lemuel_old_faithful
D:2:      layout_loops_corners, dreamdust_ecumenical_altar_drowned_temple,
          serial_shops, nicolae_shop_crystal, kennysheep_flooded_box,
          minivault_27, minmay_lizard_king
D:3:      layout_loops_ring, mainiacjoe_overflow_catwalk,
          mainiacjoe_overflow_alcove_2, bloody_trog, uniq_grinder, uniq_jessica,
          uniq_crazy_yiuf_cottage
D:4:      layout_layer_cave, minmay_cupped
D:5:      layout_basic, dancing_weapons_uskayaw,
          minmay_temple_entry_statues_fountains, cheibrodos_sewer_entry_drain,
          lexackson_kobold_supper, uniq_menkaure
D:6:      layout_basic
D:7:      layout_basic, enter_bailey_2, eino_tiny_chamber, uniq_pikel
D:8:      layout_basic, nicolae_elyvilon_peaceful_grove, uniq_joseph
D:9:      layout_stronghold, zin_academy, minmay_overflow_temple_star_quad,
          grunt_lair_entry_orc_guard_hut
D:10:     layout_basic, mainiacjoe_overflow_boulevard,
          nicolae_trove_entry_isolated, uniq_erolcha
Lair:1:   lemuel_ratsnest, layout_layer_cave, gauntlet_entry_generic,
          lemuel_fruit_tree
Gauntlet: gammafunk_gauntlet_shortcut [gammafunk_gauntlet_arena_open,
          gammafunk_gauntlet_arena_corners, nicolae_gauntlet_arena_grate_2,
          nicolae_gauntlet_arena_quarters, gammafunk_gauntlet_arena_hedges,
          gammafunk_gauntlet_arena_crates, gauntlet_exit_hidden_loot]

Skill      XL: |  1  2  3  4  5  6  7  8  9 10 11 |
---------------+----------------------------------+-----
Air Magic      | 3 4 5 6 9 10 11 | 11.0
Spellcasting   | 2 3 6 7 8 |  8.0
Fighting       | 5 6 7 |  7.0
Dodging        | 5 6 7 |  7.3
Conjurations   | 2 3 |  3.1
Poison Magic   | 2 3 4 |  4.5
Stealth        | |  1.7

Action                   |  1- 3 |  4- 6 |  7- 9 | 10-12 || total
-------------------------+-------+-------+-------+-------++-------
Melee: Club              |    10 |       |       |       ||    10
       Whip              |     1 |       |     7 |    18 ||    26
       Short sword       |    21 |    29 |    89 |       ||   139
       Punch             |       |       |     1 |     1 ||     2
       Trident           |       |       |       |    40 ||    40
 Cast: Shock             |    71 |   103 |     9 |       ||   183
       Airstrike         |       |       |   126 |    84 ||   210
       Poisonous Vapours |       |       |    13 |    53 ||    66
Evoke: Wand              |       |       |     3 |       ||     3
  Use: Scroll            |     1 |     8 |     3 |     4 ||    16
       Potion            |       |     6 |     8 |       ||    14
 Stab: Distracted        |       |     1 |       |       ||     1
       Sleeping          |       |     1 |     1 |     1 ||     3
Armor: Robe              |     8 |     4 |    26 |    15 ||    53
       Skin              |       |     3 |       |       ||     3
Dodge: Dodged            |    24 |    16 |   107 |    57 ||   204
